cohdb
Replays
Latest Replays
All Replays
Popular Replays
Top Player Replays
Match Explorer
How It Works
Community
CoH3 Stats
Reddit
Sign in to upload your games and track your stats! →
Sign in with Steam
Match 42245074
Unlisted
Match 42245074
Overview
Messages
Build Orders
End
Pioneer Squad
Pioneer Squad
Construct Infanterie Kompanie
Selects Italian Coastal Battlegroup
Selects Coastal Reserves
Coastal Reserve
Coastal Reserve
MG 42 Machine Gun Team
Construct Panzergrenadier Kompanie
251 Medium Carrier
Selects Support Bunkers
Panzergrenadier Squad
Pioneer Squad
Selects Rapid Fortifications
Rapid Fortifications
Pak 40 Anti-tank Gun Team
Medical Bunker
Panzergrenadier Squad
Construct Panzer Kompanie
Rapid Fortifications
MG 42 Bunker
Pioneer Squad
Rapid Fortifications
Panzer IV Medium Tank
Rapid Fortifications
Repair Bunker
MG 42 Bunker
Selects Artillery Officer
Selects Obice da 210/22 Artillery Emplacement
Stoßtruppen Squad
Rapid Fortifications
Anti-tank Bunker
Rapid Fortifications
Rapid Fortifications
MG 42 Bunker
Panzer IV Medium Tank
Side Skirts
Panzer Officer Quarters
Panzer IV Medium Tank
Panzer IV Medium Tank
Nubbl0r
benjamin.schatz
0
0
Comments
sign in to comment!
No comments posted yet!